 Dungeon Crawl Stone Soup version 0.29.1-12-g30fa7ad0bf (webtiles) character file.

Game seed: 2100240871132051290

59 hawla the Chiller (level 4, 0/33 HPs)
             Began as a Meteoran Ice Elementalist on Dec 26, 2022.
             Killed by divine providence
             ... invoked by an orc priest
              (14 damage)
             ... on level 3 of the Dungeon.
             The game lasted 00:04:49 (517 turns).

hawla the Chiller (Meteoran Ice Elementalist)        Turns: 517, Time: 00:04:49

Health: 0/33       AC:  2    Str:  9    XL:     4   Next: 46%
Magic:  4/10       EV: 12    Int: 18    God:
Gold:   100        SH:  0    Dex: 15    Spells: 2/10 levels left

rFire   + . .      SeeInvis .   j - staff of fire
rCold   . . .      Faith    .   (no shield)
rNeg    . . .      Spirit   .   a - +0 robe
rPois   .          Reflect  .   (no helmet)
rElec   .          Harm     .   (no cloak)
rCorr   .          Rampage  .   (no gloves)
Will    .....                   (no boots)
Stlth   +.........              (no amulet)
HPRegen 0.11/turn               i - ring of wizardry
MPRegen 0.12/turn               (no ring)

@: freezing walls, glowing
A: sense surroundings 1, otherworldly, glowing, explore regen
a: no special abilities


You were on level 3 of the Dungeon.
You visited 1 branch of the dungeon, and saw 3 of its levels.

You collected 100 gold pieces.

Inventory:

Armour
 a - a +0 robe (worn)
Magical Staves
 j - a staff of fire (weapon)
Jewellery
 i - a ring of wizardry (left hand)
Scrolls
 b - a scroll of fear {unknown}
 c - 2 scrolls of vulnerability
 d - a scroll of butterflies {unknown}
 f - a scroll of amnesia {unknown}
 h - a scroll of magic mapping {unknown}
Potions
 e - a potion of flight {unknown}


   Skills:
 - Level 2.5 Dodging
 - Level 1.4 Stealth
 - Level 3.8 Spellcasting
 + Level 1.1 Conjurations
 - Level 5.2 Ice Magic


You had 2 spell levels left.
You knew the following spells:

 Your Spells              Type           Power      Damage    Failure   Level
a - Freeze                Ice            88%        1d10      1%          1
b - Frozen Ramparts       Ice            44%        1d7       2%          3
c - Hailstorm             Conj/Ice       14%        3d5       16%         4

Your spell library contained the following spells:

 Spells                   Type           Power      Damage    Failure   Level
 Static Discharge         Conj/Air       5%         3-4/arc   8%          2
 Ozocubu's Armour         Ice            22%        N/A       2%          3
 Olgreb's Toxic Radiance  Pois           3%         N/A       50%         4
 Lightning Bolt           Conj/Air       2%         1d14      75%         5
 Ozocubu's Refrigeration  Ice            11%        4d9       99%         7
 Ignition                 Fire           2%         3d3       100%        8
 Maxwell's Capacitive Co  Air            1%         ∞         100%        8


Dungeon Overview and Level Annotations

Branches:
Dungeon (3/15) Zot: 1282

Altars:
Nemelex Xobeh


Innate Abilities, Weirdness & Mutations

You passively map a small area around you.
You are easily found by Zot.
You glow in the dark.
You regain HP and MP as you explore.


Message History

The worm is moderately wounded.
Unknown command.
Casting: Freeze (safe; 1% risk of failure)
Confirm with . or Enter, or press ? or * to list all spells.
Aiming: Freeze (safe; 1% risk of failure)
Press: ? - help, Shift-Dir - straight line, f/p - worm
Aim: a worm (moderately wounded)
You freeze the worm!
The worm is severely wounded.
The frozen ramparts melt away.
The worm closely misses you.
Unknown command.
Casting: Freeze (safe; 1% risk of failure)
Confirm with . or Enter, or press ? or * to list all spells.
Aiming: Freeze (safe; 1% risk of failure)
Press: ? - help, Shift-Dir - straight line, f/p - worm
Aim: a worm (heavily wounded)
You freeze the worm!
You kill the worm!
Your Conjurations skill increases to level 1!
Unknown command. 2 orcs come into view.
An orc is wielding a +2 flail of protection.
The orc shouts!
You hear a shout!
An orc priest comes into view. It is wielding a +0 falchion.
Found 15 gold pieces.
The orc priest shouts!
The orc shouts!
An orc comes into view. It is wielding a +0 dagger.
An orc priest comes into view. It is wielding a +0 flail.
The orc priest calls down the wrath of Beogh upon you.
Pain shoots through your body!
The orc priest shouts!
The orc hits you from afar with a +0 trident!
Casting: Freeze (safe; 1% risk of failure)
Confirm with . or Enter, or press ? or * to list all spells.
Casting: Frozen Ramparts (dangerous; 2% risk of failure)
Press: ? - help, Dir - look around, f - activate The walls around you are covered in ice.
The orc priest invokes the aid of Beogh against you.
Beogh smites you!
You die...

^ , , * ............+ ,,
#...........# ..
#...$.......# * .. , ,
#...o.......# ,...
#...o.......######..(
#...o................ , ,
#.o.o.# **#.......... # *
#@######.......... .#
######......††......... #.#
# *.....(....###.###......
..#.. *
..........#.....#......
.....
..........#.###.#......
.####
..........#..)..#......
..... *
...........#.###.#......
####.,
..>........#.....#...... # *
###*#..........###.###......


You could see 2 orc priests and 3 orcs.

Vanquished Creatures
  An adder (D:3)
  2 worms
  6 orcs (D:3)
  5 ball pythons
  2 endoplasms (D:2)
  A giant cockroach (D:3)
  A goblin (D:2)
  5 hobgoblins
  5 jackals (D:3)
  A kobold (D:3)
  A quokka (D:2)
  A bat (D:2)
  A frilled lizard (D:3)
32 creatures vanquished.

Vanquished Creatures (others)
  9 toadstools (D:2)
9 creatures vanquished.

Grand Total: 41 creatures vanquished

Notes
Turn   | Place    | Note
-------+----------+-------------------------------------------
     0 | D:1      | hawla the Meteoran Ice Elementalist began the quest for the
                  | Orb.
     0 | D:1      | Reached XP level 1. HP: 14/14 MP: 5/5
    31 | D:2      | Reached XP level 2. HP: 13/20 MP: 1/6
   109 | D:2      | Found a sparkling altar of Nemelex Xobeh.
   123 | D:2      | Found a faded altar of an unknown god.
   332 | D:2      | Reached XP level 3. HP: 26/26 MP: 5/8
   336 | D:2      | Learned a level 3 spell: Frozen Ramparts
   408 | D:3      | Reached skill level 5 in Ice Magic
   415 | D:3      | Reached XP level 4. HP: 21/33 MP: 3/10
   431 | D:3      | Learned a level 4 spell: Hailstorm
   511 | D:3      | Reached skill level 1 in Conjurations
   517 | D:3      | Killed from afar by an orc priest

Illustrated notes

Levels and vault maps discovered:
D:1:      ncdulo_watergridlock, layout_basic
D:2:      cheibrodos_fertilizer, layout_loops_corners, basic_altar,
          serial_shops, nicolae_shop_trees, ebering_ecumenical_altar_sacrificial
D:3:      minmay_roachtagon, layout_basic, corexii_leaking_fountain,
          minmay_checkerbox, uniq_natasha

Skill      XL: |  1  2  3  4 |
---------------+-------------+-----
Spellcasting   | 3 |  3.8
Ice Magic      | 5 |  5.2
Conjurations   | 1 |  1.1
Dodging        | |  2.5
Stealth        | |  1.4

Action                   |  1- 3 |  4- 6 || total
-------------------------+-------+-------++-------
Melee: Unarmed           |     1 |       ||     1
 Cast: Freeze            |    26 |     7 ||    33
       Frozen Ramparts   |     3 |     4 ||     7
  Use: Scroll            |     1 |       ||     1
       Potion            |     1 |       ||     1
Armor: Robe              |     3 |     1 ||     4
Dodge: Dodged            |    24 |     3 ||    27
